 Dungeon Crawl Stone Soup version 0.25-a0-443-gece2dee (webtiles) character file.

Game seed: 3130214163528469831, levelgen mode: deterministic

66 Auros the Chopper (level 4, 0/39 HPs)
             Began as a Hill Orc Monk on Jan 30, 2020.
             Was a Believer of Yredelemnul.
             Succumbed to a scorpion's poison
             ... on level 3 of the Dungeon.
             The game lasted 00:16:00 (2906 turns).

Auros the Chopper (Hill Orc Monk)                   Turns: 2906, Time: 00:16:01

Health: 0/39       AC:  5    Str: 14    XL:     4   Next: 15%
Magic:  5/5        EV:  8    Int: 12    God:    Yredelemnul [**....]
Gold:   121        SH:  8    Dex: 13    Spells: 3/3 levels left

rFire    . . .     SeeInvis .   a - +0 hand axe
rCold    . . .     Gourm    .   c - +0 shield
rNeg     . . .     Faith    .   h - +0 ring mail
rPois    .         Spirit   .   (no helmet)
rElec    .         Reflect  .   (no cloak)
rCorr    .         Harm     .   (no gloves)
MR       .....                  (no boots)
Stlth    +.........             (no amulet)
HPRegen  0.13/turn              o - +2 ring of intelligence
MPRegen  0.09/turn              (no ring)

@: lethally poisoned (0 -> -5)
A: no striking features
a: Animate Remains, Recall Undead Slaves, Injury Mirror, Renounce Religion


You were on level 3 of the Dungeon.
You worshipped Yredelemnul.
Yredelemnul was pleased with you.
You were near starving.

You visited 2 branches of the dungeon, and saw 5 of its levels.

You collected 121 gold pieces.

Inventory:

Hand Weapons
 a - a +0 hand axe (weapon)
Missiles
 e - 72 arrows
 g - 32 sling bullets
 Z - 58 stones (quivered)
Armour
 b - a +0 robe
 c - a +0 shield (worn)
 h - a +0 ring mail (worn)
Jewellery
 o - a +2 ring of intelligence (left hand)
Scrolls
 f - 2 scrolls of remove curse {unknown}
 i - 2 scrolls of immolation {unknown}
 j - a scroll of identify {unknown}
 n - a scroll of random uselessness {unknown}
Potions
 d - a potion of brilliance {unknown}
 k - a potion of lignification {unknown}
 l - a potion of might {unknown}
 m - a potion of berserk rage {unknown}
Comestibles
 z - 3 rations


   Skills:
 - Level 3.6 Fighting
 + Level 5.5 Axes
 - Level 2.4 Dodging
 - Level 1.5 Stealth
 + Level 1.9 Shields
 + Level 1.7 Invocations


You had 3 spell levels left.
You didn't know any spells.
Your spell library contained the following spells:

 Spells                   Type           Power        Failure   Level  Hunger
 Confusing Touch          Hex            #.......     100%        3    ####...
 Gell's Gravitas          Tloc           #.........   100%        3    ####...
 Petrify                  Tmut/Erth      #.......     100%        4    #####..
 Metabolic Englaciation   Hex/Ice        #.........   100%        5    ######.
 Yara's Violent Unravell  Hex/Tmut       #.........   100%        5    ######.


Dungeon Overview and Level Annotations

Branches:
Dungeon (4/15)             Temple (1/1) D:4

Altars:
Ashenzari
Cheibriados
Dithmenos
Elyvilon
Fedhas
Gozag
Hepliaklqana
Kikubaaqudgha
Makhleb
Nemelex Xobeh
Okawaru
Qazlal
Ru
Trog
Uskayaw
Vehumet
Wu Jian
Xom
Yredelemnul
Zin
The Shining One


Message History

Your shield prevents you from hitting the adder.
The adder is severely wounded.
The adder bites you.
* * * LOW HITPOINT WARNING * * *
The adder barely misses you.
You closely miss the adder.
The adder is severely wounded.
You feel sick. The adder bites you.
* * * LOW HITPOINT WARNING * * *
You hit the adder.
You kill the adder!
Yredelemnul accepts your kill.
You feel sick.
You are no longer poisoned.
The scorpion stings you.
* * * LOW HITPOINT WARNING * * *
You are lethally poisoned!
The scorpion poisons you!
You die...
Your body rises from the dead as a mindless zombie.

###.....##..........
#........†.>........
#####........#.....#....
#..............[...#....
#.###..............#....
#. ##......#......#....
#. #..s####+###'######
#. +...+.........##...
######@..##........''...
#......##........##...
#....####........##...
#....####.............
##....................
##...)................
#.....................
#.........######......
#.........######......


You could see a scorpion.

Vanquished Creatures
  An adder (D:3)
  An ooze (D:3)
  An adder skeleton (D:3)
  A dart slug (D:2)
  A worm (D:2)
  A leopard gecko (D:3)
  2 orcs (D:3)
  2 bats
  3 giant cockroaches
  3 goblins
  2 hobgoblins
  6 jackals
  2 frilled lizards (D:3)
  2 kobolds
  4 rats
32 creatures vanquished.

Vanquished Creatures (collateral kills)
  An adder (D:2)
  A dart slug (D:2)
  A jackal (D:2)
  A bat (D:3)
4 creatures vanquished.

Vanquished Creatures (others)
  A giant cockroach zombie (D:2)
  A hobgoblin zombie (D:2)
  A leopard gecko zombie (D:3)
3 creatures vanquished.

Grand Total: 39 creatures vanquished

Notes
Turn   | Place    | Note
-------+----------+-------------------------------------------
     0 | D:1      | Auros the Hill Orc Monk began the quest for the Orb.
     0 | D:1      | Reached XP level 1. HP: 19/19 MP: 1/1
   307 | D:3      | Reached XP level 2. HP: 4/26 MP: 2/2
   919 | D:4      | Noticed an ogre
   932 | D:4      | Found a staircase to the Ecumenical Temple.
   940 | Temple   | Entered the Ecumenical Temple
  1118 | Temple   | Became a worshipper of Yredelemnul the Dark
  1118 | Temple   | Reached * piety under Yredelemnul
  1118 | Temple   | Reached ** piety under Yredelemnul
  1263 | D:2      | Reached skill level 5 in Axes
  1353 | D:2      | Reached skill level 1 in Shields
  1464 | D:2      | Reached XP level 3. HP: 12/31 MP: 3/3
  1813 | D:2      | Reached skill level 1 in Invocations
  2869 | D:3      | Noticed a scorpion
  2876 | D:3      | Reached XP level 4. HP: 39/39 MP: 5/5
  2905 | D:3      | HP: 1/39 [scorpion (6)]
  2906 | D:3      | Succumbed to a scorpion's poison

Levels and vault maps discovered:
D:1:      tarquinn_simple_flora_water_b, layout_rooms, minmay_box_of_dots
D:2:      layout_loops_corners, first_ration, kennysheep_nondescript
D:3:      layout_basic, minmay_misc_feat_roman
D:4:      layout_cave_pods, minmay_temple_entry_slanted
Temple:   nicolae_temple_the_god_donut

Skill      XL: |  1  2  3 |
---------------+----------+-----
Axes           | 5 |  5.5
Shields        | 1 |  1.9
Invocations    | 1 |  1.7
Fighting       | |  3.6
Dodging        | |  2.4
Stealth        | |  1.5

Action                   |  1- 3 |  4- 6 || total
-------------------------+-------+-------++-------
Melee: Hand axe          |   121 |    13 ||   134
Invok: Animate Remains   |     5 |       ||     5
  Use: Potion            |     3 |       ||     3
 Stab: Sleeping          |     4 |       ||     4
       Distracted        |     1 |       ||     1
  Eat: Chunk             |     6 |       ||     6
Armor: Robe              |     7 |       ||     7
       Ring mail         |    13 |     1 ||    14
Dodge: Dodged            |    45 |    10 ||    55
Block: Shield            |    38 |     7 ||    45

Table legend:
 A = Non-vault XP
 B = Vault XP
 C = Vault XP percentage of total XP
 D = Non-vault monster count
 E = Vault monster count
 F = Vault count percentage of total count
                 A         B        C        D         E       F
            +---------+---------+-------+---------+---------+-------
      Total |      95 |       0 |   0.0 |      36 |       0 |   0.0
            +---------+---------+-------+---------+---------+-------
        D:1 |       4 |       0 |   0.0 |       2 |       0 |   0.0
        D:2 |      42 |       0 |   0.0 |      16 |       0 |   0.0
        D:3 |      47 |       0 |   0.0 |      17 |       0 |   0.0
        D:4 |       2 |       0 |   0.0 |       1 |       0 |   0.0
            +---------+---------+-------+---------+---------+-------
